AoeStats
← pepega

Arena

504864033Analyzed
4v4 RM · 26d ago on Sep 6, 2026· 45m 22s· 8 players
Game mode
Random Map
Map size
Large (8 player)
Population
200
Speed
Normal
Resources
Standard
Victory
Conquest
Starting age
Dark Age
Ending age
Imperial Age
RankedLock teamsTeams togetherTeam positionsShared explorationLock speedFull tech treeHidden civsTurbo modeCheats
Victory
Defeat
🇲🇽 Burgundians · Mexico
1083
+14
🇲🇽 Vikings · Mexico
1080
+14
🇺🇸 Japanese · United States
1038
+16
🇲🇽 Franks · Mexico
1026
+16
🇧🇷 Romans · Brazil
1082
-17
🇪🇸 Spanish · Spain
1043
-15
🇩🇪 Tatars · Germany
1019
-14
🇵🇱 Georgians · Poland
1000
-43
Embatlemage67
11:39 Feudal Age
13:03 Wheelbarrow
12:14 Double-Bit Axe
18:26 Castle Age
16:15 Loom
18:33 Castle Age
19:04 Scale Barding Armor
19:14 Forging
19:46 Bow Saw
24:07 Gold Mining
26:15 Husbandry
28:45 Iron Casting
28:31 Chain Barding Armor
30:58 Imperial Age
28:32 Light Cavalry
31:21 Hand Cart
31:09 Cavalier
33:13 Conscription
32:56 Chivalry
32:32 Paladin
35:13 Plate Barding Armor
35:39 Blast Furnace
soulforchildren
5:06 Loom
7:10 Double-Bit Axe
7:08 Horse Collar
11:37 Feudal Age
15:50 Castle Age
15:00 Bow Saw
19:35 Two-Man Saw
19:03 Gold Mining
22:14 Wheelbarrow
21:26 Town Watch
22:26 Fervor
23:57 Gold Shaft Mining
23:24 Heavy Plow
23:38 Stone Mining
25:54 Hand Cart
31:26 Imperial Age
30:14 Stone Shaft Mining
30:37 Forging
30:21 Fletching
31:02 Ballistics
30:24 Treadmill Crane
31:54 Bodkin Arrow
32:37 Iron Casting
34:17 Chemistry
33:12 Pikeman
33:52 Squires
33:38 Arson
34:56 Blast Furnace
33:58 Scale Mail Armor
34:55 Bracer
34:41 Halberdier
36:19 Bombard Tower
35:57 Murder Holes
36:25 Bombard Tower
37:28 Cavalier
38:08 Husbandry
38:11 Padded Archer Armor
38:18 Scale Barding Armor
39:31 Paladin
40:33 Chain Barding Armor
40:29 Leather Archer Armor
42:07 Crop Rotation
41:54 Chain Mail Armor
42:15 Plate Barding Armor
43:51 Fortified Wall
aaaaaaa
12:31 Feudal Age
14:04 Loom
14:09 Double-Bit Axe
17:43 Castle Age
17:13 Horse Collar
22:28 Bow Saw
23:33 Heavy Plow
27:06 Stone Mining
27:07 Gold Mining
27:16 Gold Mining
27:27 Town Watch
28:20 Town Patrol
29:02 Gold Shaft Mining
29:19 Treadmill Crane
29:49 Fortified Wall
29:50 Masonry
30:03 Ballistics
29:45 Padded Archer Armor
29:35 Fletching
30:18 Crossbowman
31:15 Leather Archer Armor
30:55 Bodkin Arrow
35:32 Imperial Age
36:13 Bogsveigar
36:15 Bracer
36:45 Ring Archer Armor
37:18 Chemistry
36:49 Architecture
35:53 Capped Ram
35:57 Onager
36:17 Arbalester
38:34 Capped Ram
40:34 Hoardings
40:21 Conscription
40:27 Conscription
40:06 Siege Ram
xunil
11:36 Feudal Age
16:13 Castle Age
15:44 Horse Collar
17:06 Loom
18:11 Fletching
23:01 Double-Bit Axe
29:23 Gold Mining
30:29 Forging
31:02 Heavy Plow
32:24 Wheelbarrow
33:26 Iron Casting
32:53 Scale Mail Armor
35:53 Imperial Age
33:27 Stone Mining
35:50 Gold Shaft Mining
35:45 Bow Saw
35:09 Pikeman
35:51 Gambesons
36:07 Squires
36:57 Chain Mail Armor
37:38 Conscription
38:10 Halberdier
38:41 Arson
42:37 Blast Furnace
42:08 Plate Mail Armor
45:21 Bodkin Arrow
b7ackwar
12:54 Feudal Age
11:10 Loom
16:48 Castle Age
14:59 Double-Bit Axe
14:56 Horse Collar
pepega
10:32 Feudal Age
15:22 Castle Age
13:21 Double-Bit Axe
14:08 Horse Collar
17:01 Bow Saw
18:09 Heavy Plow
22:06 Wheelbarrow
22:49 Scale Barding Armor
23:10 Forging
25:07 Gold Mining
25:10 Stone Mining
26:14 Sanctity
28:12 Hand Cart
28:39 Chain Barding Armor
31:24 Imperial Age
29:08 Bloodlines
28:58 Husbandry
29:29 Fervor
29:10 Loom
29:12 Town Watch
32:28 Iron Casting
32:24 Masonry
33:32 Chemistry
31:58 Cavalier
34:31 Plate Barding Armor
34:06 Siege Engineers
34:49 Devotion
36:38 Blast Furnace
35:40 Town Patrol
37:16 Aznauri Cavalry
37:48 Murder Holes
38:50 Elite Monaspa
Jesulito123
3:27 Loom
3:33 Loom
11:07 Feudal Age
14:55 Castle Age
13:01 Double-Bit Axe
13:30 Horse Collar
15:57 Bow Saw
18:14 Heavy Plow
23:03 Bloodlines
24:40 Wheelbarrow
25:46 Gold Mining
25:46 Stone Mining
29:13 Imperial Age
26:29 Town Watch
27:40 Husbandry
28:16 Forging
28:12 Scale Barding Armor
29:33 Hand Cart
30:01 Stone Shaft Mining
30:20 Iron Casting
30:06 Chain Barding Armor
29:37 Fletching
30:26 Cavalier
32:40 Blast Furnace
32:05 Conscription
32:48 Two-Man Saw
32:49 Paladin
36:20 Chemistry
35:42 Ballistics
35:31 Caravan
36:42 Bodkin Arrow
37:23 Plate Barding Armor
38:15 Thumb Ring
38:17 Bracer
38:18 Padded Archer Armor
38:18 Scale Mail Armor
40:40 Masonry
GaloDoido
10:37 Feudal Age
11:40 Loom
11:43 Town Watch
12:25 Double-Bit Axe
15:06 Castle Age
14:19 Horse Collar
18:44 Bow Saw
21:07 Wheelbarrow
23:07 Gold Mining
26:03 Gold Shaft Mining
28:06 Heavy Plow
30:39 Imperial Age
27:54 Loom
28:26 Hand Cart
28:36 Stone Mining
29:45 Squires
29:05 Pikeman
30:38 Man-at-Arms
31:19 Halberdier
31:21 Long Swordsman
31:53 Heavy Scorpion
33:04 Conscription
33:04 Comitatenses
32:19 Legionary
33:25 Fletching
33:59 Ballistics
33:45 Siege Engineers
34:41 Chemistry
37:52 Forging
37:43 Scale Mail Armor
39:12 Iron Casting
44:55 Blast Furnace
Connection lost

Rejoining the realm…

Still unreachable

The connection could not be restored.

Session expired

The server has moved on; the page needs a fresh start.